 Dungeon Crawl Stone Soup version 0.29.0-4-gdea44cf6ec (webtiles) character file.

Game seed: 224196136387240222

1498 qw the Cleaver (level 8, -4/48 HPs)
             Began as a Tengu Warper on Aug 28, 2022.
             Killed from afar by Dowan (13 damage)
             ... with a stone arrow
             ... on level 6 of the Dungeon.
             The game lasted 00:00:45 (7189 turns).

qw the Cleaver (Tengu Warper)                       Turns: 7189, Time: 00:00:45

Health: -4/48      AC: 11    Str: 13    XL:     8   Next: 81%
Magic:  12/12      EV: 12    Int: 15    God:
Gold:   21         SH:  0    Dex: 19    Spells: 11/11 levels left

rFire   . . .      SeeInvis .   Y - +1 war axe (vorpal)
rCold   . . .      Faith    .   (no shield)
rNeg    + + +      Spirit   .   j - +0 chain mail
rPois   +          Reflect  .   (helmet restricted)
rElec   .          Harm     .   (no cloak)
rCorr   .          Rampage  .   o - +1 pair of gloves
Will    .....                   (boots unavailable)
Stlth   ..........              (no amulet)
HPRegen 0.16/turn               a - ring "Iseen" {*Slow rPois rN+++ EV+4 Dex+6}
MPRegen 0.13/turn               (no ring)

@: lethally poisoned (-4 -> -7), flying quickly and evasively, quick
A: beak, talons 3, nimble flight
a: no special abilities


You were on level 6 of the Dungeon.
You visited 1 branch of the dungeon, and saw 6 of its levels.

You collected 301 gold pieces.
You spent 280 gold pieces at shops.


Innate Abilities, Weirdness & Mutations

You have a beak for a mouth.
You have claws for feet.
Your magical nature lets you fly swiftly and evasively.


   Skills:
 + Level 4.0 Fighting
 - Level 10.0 Axes
 - Level 1.0 Throwing
 - Level 4.2 Armour
 - Level 3.4 Dodging
 - Level 2.0 Spellcasting
 - Level 2.4 Translocations


You had 11 spell levels left.
You didn't know any spells.
Your spell library contained the following spells:

 Spells                   Type           Power      Damage    Failure   Level
 Blink                    Tloc           16%        N/A       98%         2
 Gell's Gravitas          Tloc           8%         N/A       100%        3
 Lesser Beckoning         Tloc           8%         N/A       100%        3
 Teleport Other           Tloc           8%         N/A       100%        3
 Manifold Assault         Tloc           8%         N/A       100%        5

Inventory:

Hand Weapons
 q - a +0 demon whip of venom
 Y - a +1 vorpal war axe (weapon)
Armour
 j - a +0 chain mail (worn)
 l - the +0 ring mail "Tutysudy" {-Tele rElec rF+}
   (You found it on level 3 of the Dungeon)

   rF:        It protects you from fire.
   rElec:     It insulates you from electricity.
   -Tele:     It prevents most forms of teleportation.
 o - a +1 pair of gloves (worn)
Jewellery
 a - the ring "Iseen" (left hand) {*Slow rPois rN+++ EV+4 Dex+6}
   (You acquired it on level 1 of the Dungeon)

   [ring of evasion]

   EV:        It affects your evasion (+4).
   Dex:       It affects your dexterity (+6).
   rPois:     It protects you from poison.
   rN:        It renders you almost immune to negative energy.
   *Slow:     It may slow you when you take damage.
 k - a ring of poison resistance
Scrolls
 e - a scroll of identify
Potions
 b - a potion of brilliance {unknown}
 d - a potion of magic {unknown}
 f - 2 potions of haste
 g - a potion of degeneration {unknown}
 h - 2 potions of might
 i - a potion of cancellation {unknown}
 m - 2 potions of curing
 p - a potion of mutation {unknown}

Dungeon Overview and Level Annotations

Branches:
Dungeon (6/15)
 Temple: D:4-7

Altars:
Cheibriados
Gozag
Kikubaaqudgha

Shops:
D:6 (

Annotations:
D:6 Dowan


Message History

The bullfrog hits you but does no damage.
7184 ||| DRINKING potion of heal wounds.
You feel much better.
You feel sick. Dowan hits you but does no damage.
The bullfrog closely misses you. The howler monkey barely misses you.
You barely miss Dowan. Your peck misses Dowan.
Dowan is heavily wounded.
You closely miss the howler monkey. You barely miss the bullfrog.
You feel sick. Dowan closely misses you.
The bullfrog hits you but does no damage.
The howler monkey hits you. Dowan closely misses you.
The bullfrog barely misses you.
You closely miss Dowan.
Dowan is heavily wounded.
You barely miss the howler monkey. You hit the bullfrog.
You feel sick. The howler monkey hits you. Dowan hits you but does no damage.
The bullfrog hits you but does no damage.
The howler monkey barely misses you.
You barely miss Dowan. Your kick misses Dowan. Your peck misses Dowan.
Dowan is heavily wounded.
You hit the howler monkey but do no damage.
You hit the bullfrog.
You feel sick. Dowan hits you but does no damage. The bullfrog misses you.
Dowan hits you with a +0 dagger of venom.
The bullfrog hits you but does no damage.
The howler monkey hits you.
You slash Dowan!
Dowan is severely wounded.
You hit the howler monkey. You hit the bullfrog.
You feel sick. Dowan misses you. The bullfrog barely misses you.
The howler monkey hits you but does no damage.
You barely miss Dowan. Your kick misses Dowan.
You peck Dowan, but do no damage. You punch Dowan.
Dowan is almost dead.
You hit the howler monkey. You hit the bullfrog but do no damage.
You feel sick. Dowan closely misses you. The bullfrog hits you!
The howler monkey hoots and howls with incredible vigour!
Dowan casts a spell at you. The stone arrow hits you!
You die...

#.. +.. ...... #...
. ...(.. 7...
.#...... .7....
....... .....l#
#.....
....sce####..#.## .
#...5oh@.....#..# ..
..####F.#....#..#...
#.###....#..... #..
###....# ##.
###.>...#
#.##...##..#
#.#.....#.####
####............
.....%.\...#....


You could see Dowan (fast), a bullfrog, a centaur, a scorpion, a howler monkey
(catching breath), an iguana, a white imp and an orc.

Vanquished Creatures
  Sigmund (D:4)
  A water moccasin (D:6)
  Duvessa (D:6)
  An ogre (D:5)
  A centaur (D:6)
  2 scorpions (D:5)
  3 hounds
  A jelly (D:5)
  4 orc priests
  A gnoll bouda (D:5)
  An iguana (D:4)
  Natasha (D:4)
  Terence (D:2)
  5 orc wizards
  Robin (D:2)
  12 gnolls
  10 adders
  A white imp (D:5)
  2 ufetubi
  4 worms
  2 dart slugs
  15 orcs
  8 ball pythons
  7 endoplasms
  2 giant cockroaches
  13 goblins
  21 hobgoblins
  7 jackals
  4 quokkas
  4 bats
  4 frilled lizards
  10 kobolds
  4 rats
155 creatures vanquished.

Notes
Turn   | Place    | Note
-------+----------+-------------------------------------------
     0 | D:1      | qw the Tengu Warper began the quest for the Orb.
     0 | D:1      | Reached XP level 1. HP: 12/12 MP: 4/4
     0 | D:1      | 0 ||| qw: Version: 0.1-a-89-g26bdef1
     0 | D:1      | 0 ||| qw: Game counter: 167
     0 | D:1      | 0 ||| qw: Always use a shield: true
     0 | D:1      | 0 ||| qw: God list: Okawaru
     0 | D:1      | 0 ||| qw: Allow faded altars: false
     0 | D:1      | 0 ||| qw: Do Orc after D:15 true
     0 | D:1      | 0 ||| qw: Do second Lair branch before Depths: true
     0 | D:1      | 0 ||| qw: Lair rune preference: random
     0 | D:1      | 0 ||| qw: Plans: Normal
     0 | D:1      | 0 ||| PLANNING D:1-11
    63 | D:1      | Reached XP level 2. HP: 17/17 MP: 6/6
    68 | D:1      | Reached skill level 3 in Axes
    68 | D:1      | HP: 3/17 [goblin/+0 club (3)]
   357 | D:1      | 357 ||| DROPPING +0 club.
   479 | D:1      | Found a faded altar of an unknown god.
  1184 | D:1      | 1184 ||| UPGRADING to +0 ring mail.
  1194 | D:1      | 1194 ||| DROPPING +0 leather armour.
  1195 | D:1      | 1195 ||| READING scroll labelled OCZOVO FIPN.
  1195 | D:1      | Identified a scroll of acquirement
  1195 | D:1      | 1195 ||| ACQUIRING ring "Iseen" {*Slow rPois rN+++ EV+4
                  | Dex+6}
  1195 | D:1      | Acquired the ring "Iseen" {*Slow rPois rN+++ EV+4 Dex+6}
  1197 | D:1      | 1197 ||| UPGRADING to ring "Iseen" {*Slow rPois rN+++ EV+4
                  | Dex+6}.
  1198 | D:1      | 1198 ||| READING scroll labelled JIFFA LADA.
  1199 | D:1      | 1199 ||| READING scroll labelled XOBITR PIGEZOAMAS.
  1200 | D:1      | 1200 ||| READING scroll labelled MIR XUCAPNUISA.
  1201 | D:1      | 1201 ||| DROPPING scroll of blinking.
  1215 | D:2      | Noticed Robin
  1216 | D:2      | 1216 ||| STAIRDANCE
  1224 | D:1      | Reached XP level 3. HP: 19/21 MP: 7/7
  1252 | D:2      | 1252 ||| STAIRDANCE
  1255 | D:1      | Reached skill level 4 in Axes
  1294 | D:2      | 1294 ||| STAIRDANCE
  1421 | D:2      | 1421 ||| STAIRDANCE
  1548 | D:2      | 1548 ||| STAIRDANCE
  1553 | D:2      | 1553 ||| STAIRDANCE
  1589 | D:2      | Killed Robin
  1590 | D:2      | Reached XP level 4. HP: 14/26 MP: 8/8
  1782 | D:2      | 1782 ||| Stepping ~*~*~tactically~*~*~ (stealth).
  1861 | D:2      | 1861 ||| Stepping ~*~*~tactically~*~*~ (stealth).
  1920 | D:2      | 1920 ||| Stepping ~*~*~tactically~*~*~ (stealth).
  1928 | D:2      | Reached skill level 5 in Axes
  1934 | D:2      | Noticed Terence
  1941 | D:2      | 1941 ||| Stepping ~*~*~tactically~*~*~ (stealth).
  1955 | D:2      | Killed Terence
  1992 | D:2      | 1992 ||| FLEEEEING.
  1993 | D:2      | 1993 ||| FLEEEEING.
  1996 | D:2      | 1996 ||| FLEEEEING.
  1998 | D:2      | 1998 ||| FLEEEEING.
  1999 | D:2      | 1999 ||| FLEEEEING.
  2000 | D:2      | 2000 ||| FLEEEEING.
  2001 | D:2      | 2001 ||| FLEEEEING.
  2002 | D:2      | 2002 ||| FLEEEEING.
  2003 | D:2      | 2003 ||| FLEEEEING.
  2004 | D:2      | 2004 ||| FLEEEEING.
  2005 | D:2      | 2005 ||| FLEEEEING.
  2006 | D:2      | 2006 ||| FLEEEEING.
  2007 | D:2      | 2007 ||| FLEEEEING.
  2008 | D:2      | 2008 ||| FLEEEEING.
  2009 | D:2      | 2009 ||| FLEEEEING.
  2010 | D:2      | 2010 ||| FLEEEEING.
  2011 | D:2      | 2011 ||| FLEEEEING.
  2012 | D:2      | 2012 ||| FLEEEEING.
  2013 | D:2      | 2013 ||| STAIRDANCE
  2182 | D:1      | 2182 ||| READING scroll labelled USANUOLETH.
  2218 | D:2      | Found an ancient bone altar of Kikubaaqudgha.
  2276 | D:2      | Gained mutation: Your magical nature lets you fly swiftly
                  | and evasively. [Tengu growth]
  2276 | D:2      | Reached XP level 5. HP: 21/30 MP: 9/9
  2708 | D:2      | 2708 ||| Stepping ~*~*~tactically~*~*~ (stealth).
  2746 | D:2      | 2746 ||| Stepping ~*~*~tactically~*~*~ (stealth).
  2748 | D:2      | 2748 ||| Stepping ~*~*~tactically~*~*~ (stealth).
  2947 | D:2      | 2947 ||| UPGRADING to +0 scale mail.
  2957 | D:2      | 2957 ||| DROPPING +0 ring mail.
  2958 | D:2      | 2958 ||| READING scroll labelled RIGYR KUHUODISK.
  3047 | D:2      | 3047 ||| READING scroll labelled CIUDETHRUHIT.
  3048 | D:2      | 3048 ||| DRINKING 2 fizzy grey potions.
  3089 | D:3      | Reached skill level 6 in Axes
  3143 | D:3      | 3143 ||| Stepping ~*~*~tactically~*~*~ (stealth).
  3162 | D:3      | 3162 ||| DROPPING +0 whip.
  3353 | D:3      | 3353 ||| SWAPPING to +0 war axe.
  3359 | D:3      | 3359 ||| DROPPING +0 hand axe.
  3361 | D:3      | Identified the +0 ring mail "Tutysudy" {-Tele rElec rF+}
  3427 | D:3      | 3427 ||| Stepping ~*~*~tactically~*~*~ (stealth).
  3429 | D:3      | 3429 ||| Stepping ~*~*~tactically~*~*~ (stealth).
  3447 | D:3      | Reached XP level 6. HP: 29/35 MP: 10/10
  3468 | D:3      | 3468 ||| FLEEEEING.
  3499 | D:3      | 3499 ||| DROPPING +0 flail.
  3526 | D:3      | 3526 ||| Stepping ~*~*~tactically~*~*~ (stealth).
  3650 | D:3      | 3650 ||| UPGRADING to +0 chain mail.
  3660 | D:3      | 3660 ||| DROPPING +0 scale mail.
  3661 | D:3      | 3661 ||| UPGRADING to +1 pair of gloves.
  3666 | D:3      | 3666 ||| READING scroll labelled VIPLOPS ZAMAJ.
  3667 | D:3      | 3667 ||| READING scroll labelled RIAGEOW ATETONT.
  3670 | D:3      | 3670 ||| READING 2 scrolls of identify.
  3670 | D:3      | 3670 ||| IDENTIFYING metallic pink potion
  3671 | D:3      | 3671 ||| DROPPING potion of attraction.
  3955 | D:4      | Noticed Sigmund
  3956 | D:4      | 3956 ||| Stepping ~*~*~tactically~*~*~ (hiding).
  3957 | D:4      | 3957 ||| Stepping ~*~*~tactically~*~*~ (hiding).
  3958 | D:4      | 3958 ||| Stepping ~*~*~tactically~*~*~ (hiding).
  3973 | D:4      | Killed Sigmund
  3974 | D:4      | Reached skill level 7 in Axes
  3974 | D:4      | Reached XP level 7. HP: 29/40 MP: 11/11
  4073 | D:4      | Noticed Natasha
  4080 | D:4      | Killed Natasha
  4681 | D:4      | Reached skill level 3 in Fighting
  4682 | D:4      | HP: 7/41 [something/magic dart (7)]
  4687 | D:4      | Reached skill level 8 in Axes
  5451 | D:4      | 5451 ||| READING scroll labelled EXIUPE XESA.
  5452 | D:4      | 5452 ||| DRINKING 2 lumpy coppery potions.
  5470 | D:5      | Entered Level 5 of the Dungeon
  5471 | D:5      | 5471 ||| PLANNING OSSUARY
  5475 | D:5      | 5475 ||| Stepping ~*~*~tactically~*~*~ (stealth).
  5477 | D:5      | 5477 ||| Stepping ~*~*~tactically~*~*~ (stealth).
  5478 | D:5      | 5478 ||| STAIRDANCE
  5501 | D:5      | 5501 ||| Stepping ~*~*~tactically~*~*~ (hiding).
  5505 | D:5      | Reached skill level 3 in Armour
  5576 | D:5      | 5576 ||| Stepping ~*~*~tactically~*~*~ (stealth).
  5661 | D:5      | 5661 ||| Stepping ~*~*~tactically~*~*~ (hiding).
  5677 | D:5      | HP: 9/41 [acid (5)]
  5678 | D:5      | HP: 2/41 [gnoll/+0 halberd[a gnoll bouda] (4)]
  5684 | D:5      | HP: 1/41 [gnoll/+0 halberd[a gnoll bouda] (2)]
  5765 | D:5      | 5765 ||| Stepping ~*~*~tactically~*~*~ (stealth).
  5875 | D:5      | Reached XP level 8. HP: 23/46 MP: 12/12
  6027 | D:5      | Found an opulent altar of Gozag.
  6028 | D:5      | Found an opulent altar of Gozag.
  6038 | D:5      | Found an opulent altar of Gozag.
  6046 | D:5      | Reached skill level 9 in Axes
  6142 | D:5      | 6142 ||| RIP OSSUARY
  6157 | D:5      | 6157 ||| PLANNING D:1-11
  6254 | D:5      | 6254 ||| Stepping ~*~*~tactically~*~*~ (stealth).
  6305 | D:5      | Found a snail-covered altar of Cheibriados.
  6416 | D:5      | 6416 ||| FLEEEEING.
  6417 | D:5      | 6417 ||| FLEEEEING.
  6428 | D:5      | 6428 ||| Stepping ~*~*~tactically~*~*~ (stealth).
  6432 | D:5      | 6432 ||| Stepping ~*~*~tactically~*~*~ (stealth).
  6631 | D:5      | Found an opulent altar of Gozag.
  6874 | D:5      | 6874 ||| READING scroll labelled FEXTEBL QOCRYE.
  6875 | D:5      | 6875 ||| READING scroll labelled ZIAREW TU UDD.
  6876 | D:5      | 6876 ||| DRINKING 2 dark potions.
  6911 | D:6      | Reached skill level 10 in Axes
  6914 | D:6      | 6914 ||| FLEEEEING.
  6918 | D:6      | 6918 ||| STAIRDANCE
  7001 | D:6      | Reached skill level 3 in Dodging
  7001 | D:6      | 7001 ||| STAIRDANCE
  7148 | D:6      | Found Efos's Weapon Shop.
  7160 | D:6      | 7160 ||| BUYING +0 demon whip of venom (280 gold).
  7160 | D:6      | Bought a +0 demon whip of venom for 280 gold pieces
  7160 | D:6      | 7160 ||| DROPPING +0 morningstar.
  7170 | D:6      | Noticed Duvessa
  7170 | D:6      | Noticed Dowan
  7181 | D:6      | Killed Duvessa
  7183 | D:6      | HP: 12/48 [poisoned by Dowan]
  7184 | D:6      | 7184 ||| DRINKING potion of heal wounds.
  7189 | D:6      | HP: 9/48 [bullfrog (7)]
  7189 | D:6      | Killed from afar by Dowan

Levels and vault maps discovered:
D:1:      lemuel_arrival_cross, layout_basic, nicolae_ecumenical_lake_church,
          minmay_hexomino_u4
D:2:      minmay_razor_zed, layout_loops_ring, basic_altar,
          minmay_misc_feat_pillars, uniq_robin, uniq_terence
D:3:      layout_rooms
D:4:      layout_layer_cave, uniq_sigmund, uniq_natasha
D:5:      layout_loops_cross, kennysheep_slug_shrine,
          nicolae_gozag_conspicuous_consumption,
          lightli_ossuary_entry_decrepit_ruins
D:6:      layout_cave_pools, mainiacjoe_overflow_chevrons, serial_park,
          serial_park_tiny_2, serial_park_tiny_pond, serial_park_square1
          [serial_park_minivault_5x5_4], serial_park_square3
          [serial_park_minivault_5x5_3], serial_park_tiny_2, serial_shops,
          nicolae_shop_bloodbath_and_beyond, uniq_duvessa

Skill      XL: |  1  2  3  4  5  6  7  8 |
---------------+-------------------------+-----
Axes           | 3 4 5 6 7 8 10 | 10.0
Armour         | 2 3 4 |  4.2
Fighting       | 3 4 |  4.0
Dodging        | 3 |  3.4
Throwing       | |  1.0
Spellcasting   | |  2.0
Translocations | |  2.4

Action                   |  1- 3 |  4- 6 |  7- 9 || total
-------------------------+-------+-------+-------++-------
Melee: Hand axe          |    49 |    86 |       ||   135
       Kick              |     9 |    31 |    47 ||    87
       Peck              |     8 |    28 |    30 ||    66
       Punch             |     2 |       |     2 ||     4
       War axe           |       |    42 |   169 ||   211
Throw: Boomerang         |    30 |    51 |    15 ||    96
       Javelin           |     3 |    18 |       ||    21
  Use: Scroll            |     4 |     6 |     3 ||    13
       Potion            |       |     1 |     3 ||     4
Armor: Leather armour    |     2 |       |       ||     2
       Ring mail         |    15 |    16 |       ||    31
       Scale mail        |       |     5 |       ||     5
       Chain mail        |       |     6 |    93 ||    99
Dodge: Dodged            |    56 |    66 |   105 ||   227

Table legend:
 A = Non-vault XP
 B = Vault XP
 C = Vault XP percentage of total XP
 D = Non-vault monster count
 E = Vault monster count
 F = Vault count percentage of total count
                 A         B        C        D         E       F
            +---------+---------+-------+---------+---------+-------
      Total |    1572 |     568 |  26.5 |     121 |      34 |  21.9
            +---------+---------+-------+---------+---------+-------
        D:1 |      54 |      24 |  30.8 |      18 |      13 |  41.9
        D:2 |      48 |      96 |  66.7 |      21 |      16 |  43.2
        D:3 |     113 |       0 |   0.0 |      24 |       0 |   0.0
        D:4 |     282 |     259 |  47.9 |      20 |       2 |   9.1
        D:5 |     795 |       4 |   0.5 |      35 |       1 |   2.8
        D:6 |     280 |     185 |  39.8 |       3 |       2 |  40.0
            +---------+---------+-------+---------+---------+-------
